 Dungeon Crawl Stone Soup version 0.26.1-11-gd32895ea62 (webtiles) character file.

Game seed: 10455782125624213614

1580 Almogavar the Thaumaturge (level 8, -5/41 HPs)
             Began as a Deep Elf Conjurer on May 7, 2021.
             Slain by a centaur (7 damage)
             ... on level 5 of the Dungeon.
             The game lasted 00:25:13 (6789 turns).

Almogavar the Thaumaturge (Deep Elf Conjurer)       Turns: 6789, Time: 00:25:14

Health: -5/41      AC:  4    Str:  4    XL:     8   Next: 60%
Magic:  18/23      EV: 12    Int: 26    God:
Gold:   272        SH:  0    Dex: 13    Spells: 22/25 levels left

rFire    x . .     SeeInvis .   o - +0 dagger (drain)
rCold    + . .     Faith    .   (no shield)
rNeg     + . .     Spirit   .   u - +0 leather armour
rPois    .         Reflect  .   (no helmet)
rElec    .         Harm     .   (no cloak)
rCorr    .         Rampage  .   i - +0 pair of gloves
Will     .....                  (no boots)
Stlth    ++........             (no amulet)
HPRegen  0.13/turn              b - ring of positive energy
MPRegen  0.18/turn              c - ring of ice

@: no status effects
A: no striking features
a: no special abilities


You were on level 5 of the Dungeon.
You visited 1 branch of the dungeon, and saw 5 of its levels.
You also visited: Sewer.

You collected 272 gold pieces.

Inventory:

Hand Weapons
 o - a +0 dagger of draining (weapon)
Armour
 a - a +0 ring mail
 e - a +0 robe of cold resistance
 i - a +0 pair of gloves (worn)
 u - a +0 leather armour (worn)
Jewellery
 b - a ring of positive energy (left hand)
 c - a ring of ice (right hand)
Wands
 s - a wand of disintegration (17)
 t - a wand of random effects (10)
Scrolls
 d - a scroll of fear
 g - 3 scrolls of teleportation
 h - 2 scrolls of remove curse {unknown}
 m - 2 scrolls of enchant weapon {unknown}
 r - a scroll of blinking {unknown}
 v - a scroll of enchant armour
Potions
 f - a potion of flight
 k - a potion of lignification {unknown}
 l - 2 potions of berserk rage {unknown}
 n - a potion of heal wounds {unknown}
 p - a potion of haste {unknown}
 q - 2 potions of curing {unknown}


   Skills:
 + Level 0.2 Fighting
 + Level 0.8 Short Blades
 + Level 1.8 Armour
 + Level 3.6 Dodging
 + Level 4.2 Stealth
 + Level 9.2 Spellcasting
 + Level 9.1 Conjurations


You had 22 spell levels left.
You knew the following spells:

 Your Spells              Type           Power        Failure   Level
a - Magic Dart            Conj           100%         1%          1
b - Searing Ray           Conj           100%         1%          2

Your spell library contained the following spells:

 Spells                   Type           Power        Failure   Level
 Dazzling Flash           Conj/Hex       70%          4%          3
 Beastly Appendage        Tmut           24%          9%          1
 Wereblood                Tmut           12%          13%         2
 Fulminant Prism          Conj/Hex       17%          13%         4
 Iskenderun's Mystic Bla  Conj/Tloc      35%          13%         4
 Spider Form              Tmut/Pois      6%           26%         3
 Ice Form                 Ice/Tmut       18%          65%         4
 Blade Hands              Tmut           6%           94%         5
 Summon Demon             Summ           6%           94%         5
 Summon Forest            Summ/Tloc      6%           94%         5
 Summon Mana Viper        Hex/Summ       12%          94%         5
 Shadow Creatures         Summ           N/A          100%        6
 Summon Hydra             Summ           6%           100%        7


Dungeon Overview and Level Annotations

Branches:
Dungeon (5/15)              Sewer (visited)
 Temple: D:4-7

Altars:
Dithmenos
Elyvilon
Fedhas
Nemelex Xobeh
Trog
Vehumet

Annotations:
D:4 1 runed translucent door


Message History

Aiming: Searing Ray (safe; 1% risk of failure)
Press: ? - help, Shift-Dir - straight line, f/p - centaur
Aim: a centaur, wielding a +0 shortbow and quivering 20 arrows (lightly wounded, 10% to evade)
The searing ray hits the centaur.
The centaur is heavily wounded. (Press . to maintain the ray.)
The centaur shoots an arrow.
The arrow hits you.
The searing ray misses the centaur.
The centaur shoots an arrow.
The arrow hits you!
The centaur shoots an arrow.
The arrow completely misses you.
The searing ray misses the centaur.
The searing ray hits the centaur!
The centaur is severely wounded.
You finish channeling your searing ray.
The centaur unwields a +0 shortbow.
The centaur hits you!
* * * LOW HITPOINT WARNING * * *
The centaur hits you!
* * * LOW HITPOINT WARNING * * *
The centaur hits you!
You die...

#..... # #c##.# #.#.##.#.#
.#.##.#.# ....(#.#
#.##.#.#
###.###.##.#.#######
.......(c@.........##
###.###.##(#.####.#.######
##.#.#.......###...... ..#
#....####.#.#####.
###.#.##### ##.## #.# #.#
#####.######## #.#
#...†........# #.#
#.###.######.###.#


You could see a centaur.

Vanquished Creatures
  The ghost of Almogavar the Covered, an amateur GnWn (D:4)
  An ice beast (D:4)
  A phantom (D:5)
  3 ogres
  2 bullfrogs (Sewer)
  A howler monkey (D:4)
  A centaur skeleton (D:4)
  An orc wizard (D:4)
  2 orc priests
  A hound (D:4)
  Ijyb (D:3)
  2 worker ants (D:4)
  A hound zombie (D:4)
  A hound skeleton (D:4)
  11 gnolls
  4 worker ant zombies (D:4)
  11 adders
  A howler monkey skeleton (D:4)
  2 river rats (D:4)
  A shadow imp (D:3)
  14 oozes
  2 adder zombies (D:4)
  4 worms
  2 dart slugs (D:1)
  9 leopard geckos
  16 orcs
  15 ball pythons
  13 bats
  13 giant cockroaches
  7 goblins
  9 hobgoblins
  6 jackals
  6 quokkas
  18 frilled lizards
  13 kobolds
  A leopard gecko zombie (D:4)
  A quokka skeleton (D:4)
  4 rats
202 creatures vanquished.

Notes
Turn   | Place    | Note
-------+----------+-------------------------------------------
     0 | D:1      | Almogavar the Deep Elf Conjurer began the quest for the
                  | Orb.
     0 | D:1      | Reached XP level 1. HP: 10/10 MP: 6/6
    66 | D:1      | Reached XP level 2. HP: 15/15 MP: 2/8
   196 | D:1      | Reached skill level 5 in Conjurations
   780 | D:1      | Learned a level 2 spell: Searing Ray
   823 | D:1      | Reached XP level 3. HP: 19/19 MP: 7/9
  1559 | D:2      | Reached XP level 4. HP: 24/24 MP: 6/11
  1855 | D:2      | Found a shadowy altar of Dithmenos.
  1965 | D:2      | Found a sparkling altar of Nemelex Xobeh.
  1968 | D:2      | Found a bloodstained altar of Trog.
  1982 | D:2      | Found a radiant altar of Vehumet.
  2464 | D:3      | Reached XP level 5. HP: 28/28 MP: 3/13
  2524 | D:3      | Noticed Ijyb
  2531 | D:3      | Killed Ijyb
  2539 | D:3      | Found a glowing drain.
  2546 | Sewer    | Entered a sewer
  3242 | Sewer    | Reached XP level 6. HP: 32/32 MP: 12/15
  3465 | Sewer    | Reached skill level 5 in Spellcasting
  3847 | D:3      | Reached XP level 7. HP: 36/36 MP: 9/18
  4870 | D:4      | Found a runed translucent door.
  4968 | D:4      | Found a runed translucent door.
  5082 | D:4      | Found a blossoming altar of Fedhas.
  5686 | D:4      | Reached XP level 8. HP: 41/41 MP: 17/22
  5861 | D:4      | Reached skill level 1 in Armour
  5919 | D:4      | Noticed Almogavar's ghost (amateur GnWn)
  6302 | D:4      | Killed Almogavar's ghost
  6557 | D:5      | Entered Level 5 of the Dungeon
  6640 | D:5      | Found a white marble altar of Elyvilon.
  6789 | D:5      | HP: 2/41 [centaur (7)]
  6789 | D:5      | Slain by a centaur

Illustrated notes

Levels and vault maps discovered:
D:1:      minmay_arrival_stone_box, layout_rooms, minmay_surrounded
D:2:      layout_loops_cross, grunt_temple_overflow_diamond,
          nicolae_dithmenos_through_a_glass_darkly, palyth_stone_intersect
D:3:      layout_loops_ring, gup_sewer_entry_pipe,
          chequers_serial_rivers_micro_e, uniq_ijyb
D:4:      layout_gridville, general_overflow_altar, ebering_ghost_sewer_f,
          serial_undead, serial_undead_c, serial_undead_c, serial_undead_d,
          serial_undead_a, minmay_misc_feat_four_crosses
D:5:      layout_loops_ring, lemuel_crystal_altar, temple_pool_b,
          grunt_ministairs_8

Skill      XL: |  1  2  3  4  5  6  7  8 |
---------------+-------------------------+-----
Conjurations   | 5 6 7 8 9 |  9.1
Spellcasting   | 4 6 8 9 |  9.2
Stealth        | 3 4 |  4.2
Dodging        | 3 |  3.6
Armour         | 1 |  1.8
Fighting       | |  0.2
Short Blades   | |  0.8

Action                   |  1- 3 |  4- 6 |  7- 9 || total
-------------------------+-------+-------+-------++-------
Melee: Dagger            |    12 |    11 |       ||    23
 Cast: Magic Dart        |    70 |   137 |   139 ||   346
       Searing Ray       |     1 |    17 |    29 ||    47
  Use: Scroll            |       |     3 |     4 ||     7
Armor: Robe              |     4 |     9 |       ||    13
       Leather armour    |       |       |     5 ||     5
Dodge: Dodged            |    15 |    46 |    16 ||    77
